 Dungeon Crawl Stone Soup version 0.22-b1-26-g9dbaab1 (webtiles) character file.

18546 poirepourri the Peltast (level 12, -2/114 HPs)
             Began as a Deep Dwarf Fighter on Aug 8, 2018.
             Was an Elder of Makhleb.
             Slain by a six-headed hydra (9 damage)
             ... on level 1 of the Lair of Beasts.
             The game lasted 00:19:29 (10231 turns).

poirepourri the Peltast (Deep Dwarf Fighter)       Turns: 10231, Time: 00:19:30

Health: -2/114     AC: 13    Str: 20    XL:     12   Next: 28%
Magic:  5/5        EV: 13    Int: 10    God:    Makhleb [****..]
Gold:   713        SH: 15    Dex: 16    Spells: 11/11 levels left

rFire    + + .     SeeInvis .   b - +0 morningstar (drain)
rCold    . . .     Gourm    .   c - +1 shield
rNeg     . . .     Faith    .   y - +0 scale mail {rF+}
rPois    .         Spirit   .   (no helmet)
rElec    .         Reflect  .   o - +1 cloak
rCorr    .         Harm     .   D - +0 pair of gloves
MR       +....                  C - +2 pair of boots of the Assassin {Detection Stab+ Stlth++}
Stlth    ++........             (no amulet)
HPRegen  0.00/turn              h - +4 ring of evasion
MPRegen  0.09/turn              s - ring of protection from fire

@: non-regenerating
A: damage resistance, heal wounds, sense surroundings 2, no regeneration
a: Heal Wounds, Minor Destruction, Lesser Servant of Makhleb, Major Destruction,
Renounce Religion


You were on level 1 of the Lair of Beasts.
You worshipped Makhleb.
Makhleb was greatly pleased with you.
You were not hungry.

You visited 3 branches of the dungeon, and saw 14 of its levels.
You also visited: Sewer.

You collected 713 gold pieces.

Inventory:

Hand Weapons
 a - a +3 war axe
 b - a +0 morningstar of draining (weapon)
 E - a +0 war axe of freezing
 G - a +0 hand crossbow
Missiles
 e - 4 tomahawks (quivered)
 i - 88 bolts
 l - a throwing net
Armour
 c - a +1 shield (worn)
 o - a +1 cloak (worn)
 y - a +0 scale mail of fire resistance (worn)
 C - the +2 pair of boots of the Assassin (worn) {Detection Stab+ Stlth++}
   (You found it on level 10 of the Dungeon)

   It makes you much more stealthy.
 D - a +0 pair of gloves (worn)
Jewellery
 h - a +4 ring of evasion (left hand)
 n - a +4 ring of intelligence
 s - a ring of protection from fire (right hand)
Wands
 F - a wand of flame (21)
Scrolls
 k - 7 scrolls of remove curse
 m - 2 scrolls of fog
 r - 4 scrolls of teleportation
 t - 2 scrolls of amnesia
 u - 3 scrolls of blinking
 w - 9 scrolls of identify
Potions
 d - a potion of mutation
 g - 7 potions of haste
 j - a potion of cancellation
 p - a potion of magic
 q - a potion of resistance
 v - 2 potions of flight
 x - 2 potions of brilliance
 z - 2 potions of curing
Miscellaneous
 A - a lightning rod (inert)
 B - a lightning rod (inert)
Comestibles
 f - 12 rations


   Skills:
 - Level 9.0 Fighting
 - Level 12.0 Axes
 - Level 3.2 Armour
 + Level 15.4 Shields


You had 11 spell levels left.
You didn't know any spells.
Your spell library contained the following spells:

 Spells                   Type           Power        Failure   Level  Hunger
 Fireball                 Conj/Fire      #.........   100%        5    ######.
 Conjure Flame            Conj/Fire      #.......     97%         3    ####...
 Confuse                  Hex            #.......     97%         3    ####...
 Throw Flame              Conj/Fire      #.....       85%         2    ###....
 Sticky Flame             Conj/Fire      #.......     100%        4    #####..
 Spider Form              Tmut/Pois      #.........   97%         3    ####...
 Blade Hands              Tmut           #.........   100%        5    ######.
 Ice Form                 Ice/Tmut       #.......     100%        4    #####..
 Confusing Touch          Hex            #.....       71%         1    ##.....
 Flame Tongue             Conj/Fire      #....        71%         1    ##.....
 Sticks to Snakes         Tmut           #.......     85%         2    ###....
 Metabolic Englaciation   Hex/Ice        #.........   100%        5    ######.
 Petrify                  Tmut/Erth      #.......     100%        4    #####..
 Inner Flame              Hex/Fire       #.......     97%         3    ####...
 Beastly Appendage        Tmut           #.....       71%         1    ##.....
 Gell's Gravitas          Tloc           #.........   97%         3    ####...
 Yara's Violent Unravell  Hex/Tmut       #.........   100%        5    ######.


Dungeon Overview and Level Annotations

Branches:
Dungeon (12/15)            Temple (1/1) D:6            Lair (1/6) D:10
    Orc (0/2) D:9

Altars:
Ashenzari
Cheibriados
Dithmenos
Elyvilon
Fedhas
Gozag
Hepliaklqana
Kikubaaqudgha
Makhleb
Nemelex Xobeh
Okawaru
Qazlal
Ru
Sif Muna
Trog
Uskayaw
Vehumet
Wu Jian
Xom
Yredelemnul
Zin
The Shining One

Shops:
D:4 [:   D:6 *   D:11 (

Portals:
Trove: D:12 (give +7 demon whip)

Annotations:
D:12 exclusion: statue


Innate Abilities, Weirdness & Mutations

You are resistant to damage.
You can heal yourself by infusing magical energy.
You passively map the area around you.
You do not regenerate.


Message History

* * * LOW HITPOINT WARNING * * *
The six-headed hydra bites you!
* * * LOW HITPOINT WARNING * * *
The six-headed hydra bites you.
* * * LOW HITPOINT WARNING * * *
The six-headed hydra barely misses you. x2
The six-headed hydra closely misses you.
Unknown command.
Unknown command.
You don't know any spells.
Throwing (i - inventory. (/) - cycle)
e - 5 tomahawks (quivered)
Press: ? - help, Shift-Dir - straight line, f/p - six-headed hydra
Aim: a six-headed hydra (moderately wounded, lightly drained)
You throw a tomahawk.
The tomahawk barely misses the six-headed hydra.
You block the six-headed hydra's attack. x2
The six-headed hydra barely misses you. The six-headed hydra bites you!
* * * LOW HITPOINT WARNING * * *
The six-headed hydra bites you!
You die...

#..#.......#...# #....#
##....>........# ##..#P#
#.#.......#...# #...###
##............# ##..##
#.#.#.#.#.#...# ###..## #
####...#.##)..####....####
##
##.........##.....###.##
.###
##..................≈≈.
...#
###..@.......#≈.≈≈≈≈≈.
...## ####D..####..≈≈≈≈≈≈≈
....### *...# #.≈≈≈≈≈≈≈≈
#....P# ....# #≈≈≈≈≈.≈≈≈
##....## ,...(# #≈≈≈≈.<.≈≈
##....## ...## #.≈≈≈≈≈.≈≈
##....## #...# #≈≈≈≈≈≈≈≈≈
##....## #...# #.≈≈≈≈≈≈≈≈
##....#### #...#
###≈≈≈≈≈≈≈†


You could see a six-headed hydra.

Vanquished Creatures
  Erolcha (D:11)
  5 hydras
  A two-headed ogre (D:11)
  An unseen horror (D:11)
  Pikel (D:4)
  An ugly thing (D:12)
  An oklob plant (D:10)
  2 manticores (D:11)
  A spiny frog (Lair:1)
  A gargoyle (D:11)
  2 trolls (D:10)
  A hornet (D:8)
  4 hippogriffs
  A shadow (D:11)
  2 wyverns (D:11)
  A vampire (D:11)
  2 wraiths (D:10)
  5 yaks
  A hungry ghost (D:11)
  A basilisk (Lair:1)
  3 wargs (D:9)
  A water moccasin (Lair:1)
  A porcupine (Lair:1)
  3 orc warriors
  A phantom (D:4)
  8 ice beasts
  2 black bears
  2 sky beasts
  5 ogres
  2 necrophages (D:10)
  9 centaurs
  4 bullfrogs
  A big kobold (D:8)
  3 gnoll sergeants
  3 jellies
  A wyvern skeleton (D:8)
  5 scorpions
  19 killer bees
  16 wights
  3 howler monkeys (D:10)
  2 crimson imps
  2 bullfrog zombies
  2 centaur zombies
  2 centaur skeletons
  15 orc wizards
  A bullfrog skeleton (D:11)
  5 hounds
  4 orc priests
  5 iguanas
  6 worker ants
  4 hound zombies
  2 hound skeletons (D:5)
  17 gnolls
  A howler monkey skeleton (D:7)
  10 adders
  A river rat (D:4)
  4 shadow imps
  2 adder skeletons
  An adder zombie (D:7)
  3 worms
  A dart slug (D:2)
  8 leopard geckos
  49 orcs
  5 bats (D:1)
  8 giant cockroaches
  5 goblins
  6 hobgoblins
  13 jackals
  6 quokkas
  6 ball pythons
  12 frilled lizards
  A jackal skeleton (D:4)
  A jackal zombie (D:5)
  7 kobolds
  A leopard gecko skeleton (D:5)
  A leopard gecko zombie (D:5)
  8 rats
  6 plants (D:10)
360 creatures vanquished.

Vanquished Creatures (others)
  A fungus (Lair:1)
1 creature vanquished.

Grand Total: 361 creatures vanquished

Notes
Turn   | Place    | Note
-------+----------+-------------------------------------------
     0 | D:1      | poirepourri the Deep Dwarf Fighter began the quest for the Orb.
     0 | D:1      | Reached XP level 1. HP: 20/20 MP: 1/1
     6 | D:1      | Found a shattered altar of Ashenzari.
   195 | D:1      | Reached XP level 2. HP: 27/27 MP: 2/2
   693 | D:2      | Reached XP level 3. HP: 28/33 MP: 3/3
  1402 | D:3      | Reached XP level 4. HP: 23/40 MP: 4/4
  1668 | D:3      | Found a faded altar of an unknown god.
  1909 | D:3      | Reached skill level 5 in Axes
  2023 | D:4      | Reached XP level 5. HP: 46/46 MP: 5/5
  2191 | D:4      | Found Nainigeb's Armour Emporium.
  2212 | D:4      | Found a glowing drain.
  2219 | D:4      | Reached XP level 6. HP: 27/55 MP: 6/6
  2243 | Sewer    | Entered a sewer
  2728 | D:4      | Found Lefud's Book Shop.
  2837 | D:4      | Reached XP level 7. HP: 41/61 MP: 7/7
  2881 | D:4      | Noticed Pikel
  2915 | D:4      | Killed Pikel
  2915 | D:4      | Reached skill level 10 in Axes
  2915 | D:4      | Reached XP level 8. HP: 24/68 MP: 8/8
  3177 | D:5      | Entered Level 5 of the Dungeon
  3293 | D:5      | Found a blossoming altar of Fedhas.
  3540 | D:5      | Found a sacrificial altar of Ru.
  4225 | D:6      | Found a staircase to the Ecumenical Temple.
  4251 | Temple   | Entered the Ecumenical Temple
  4488 | Temple   | Became a worshipper of Makhleb the Destroyer
  4561 | D:6      | Found Gozag's Platinum Reserve.
  4561 | D:6      | Found an opulent altar of Gozag.
  4625 | D:6      | Gained mutation: You passively map the area around you. [Deep Dwarf growth]
  4625 | D:6      | Reached XP level 9. HP: 42/79 MP: 6/6
  4766 | D:6      | Reached skill level 5 in Fighting
  4845 | D:6      | Found an ornate altar of the Wu Jian Council.
  4966 | D:7      | Reached * piety under Makhleb
  5566 | D:8      | Paralysed by a hornet for 3 turns
  5668 | D:8      | Found a sand-covered staircase.
  5741 | D:8      | Found a deep blue altar of Sif Muna.
  6089 | D:8      | Reached XP level 10. HP: 56/99 MP: 6/6
  6142 | D:8      | Reached skill level 4 in Shields
  6150 | D:8      | Reached ** piety under Makhleb
  6245 | D:8      | Reached skill level 5 in Shields
  6757 | D:9      | Reached skill level 6 in Shields
  6887 | D:9      | Reached skill level 7 in Shields
  6958 | D:9      | Found a white marble altar of Elyvilon.
  6961 | D:9      | Found an iron altar of Okawaru.
  6973 | D:9      | Found a basalt altar of Yredelemnul.
  7004 | D:9      | Found a staircase to the Orcish Mines.
  7034 | D:9      | Reached skill level 8 in Shields
  7688 | D:10     | Entered Level 10 of the Dungeon
  7720 | D:10     | Reached skill level 9 in Shields
  7850 | D:10     | Reached *** piety under Makhleb
  8098 | D:10     | Reached skill level 10 in Shields
  8209 | D:10     | Found the +2 pair of boots of the Assassin {Detection Stab+ Stlth++}
  8209 | D:10     | Noticed an oklob plant
  8212 | D:10     | Found a staircase to the Lair.
  8227 | D:10     | Killed an oklob plant
  8227 | D:10     | Reached XP level 11. HP: 94/105 MP: 7/7
  8608 | D:11     | Noticed a five-headed hydra
  8609 | D:11     | Reached skill level 11 in Shields
  8692 | D:11     | Killed a seven-headed hydra
  8720 | D:11     | HP: 1/106 [manticore (7)]
  8726 | D:11     | HP: 5/106 [manticore (7)]
  8731 | D:11     | Reached skill level 12 in Shields
  8778 | D:11     | Found Meinal's Weapon Shop.
  8820 | D:11     | Noticed Erolcha
  8821 | D:11     | Noticed a two-headed ogre
  8833 | D:11     | Killed a two-headed ogre
  8846 | D:11     | Killed Erolcha
  8846 | D:11     | Reached skill level 13 in Shields
  8856 | D:11     | Killed an unseen horror
  8865 | D:11     | Reached **** piety under Makhleb
  9021 | D:11     | Reached skill level 14 in Shields
  9290 | D:12     | Noticed a brown ugly thing
  9305 | D:12     | Killed a brown ugly thing
  9470 | D:12     | Found a portal to a secret trove of treasure.
  9508 | D:12     | Noticed an archer statue
  9703 | Lair:1   | Entered Level 1 of the Lair of Beasts
  9765 | Lair:1   | Noticed an eight-headed hydra
  9784 | Lair:1   | Killed an eight-headed hydra
  9784 | Lair:1   | Reached XP level 12. HP: 39/114 MP: 6/6
  9816 | Lair:1   | Noticed a four-headed hydra
  9859 | Lair:1   | Noticed a four-headed hydra
  9903 | Lair:1   | Noticed a seven-headed hydra
  9914 | Lair:1   | Killed a four-headed hydra
 10047 | Lair:1   | Reached skill level 15 in Shields
 10061 | Lair:1   | Noticed a seven-headed hydra
 10076 | Lair:1   | Killed a seven-headed hydra
 10175 | Lair:1   | Killed a five-headed hydra
 10223 | Lair:1   | Noticed a six-headed hydra
 10231 | Lair:1   | Slain by a six-headed hydra

Skill      XL: |  1  2  3  4  5  6  7  8  9 10 11 12 |
---------------+-------------------------------------+-----
Axes           | 3 4 5 7 8 10 12 | 12.0
Fighting       | 4 9 |  9.0
Shields        | 10 14 15 | 15.4
Armour         | |  3.2

Action                   |  1- 3 |  4- 6 |  7- 9 | 10-12 || total
-------------------------+-------+-------+-------+-------++-------
Melee: War axe           |   134 |   220 |   397 |   538 ||  1289
       Morningstar       |       |       |       |    41 ||    41
Throw: Tomahawk          |       |     2 |    14 |     3 ||    19
Invok: Lesser Servant of |       |       |       |     1 ||     1
 Abil: Heal Wounds       |       |     1 |    11 |    12 ||    24
Evoke: Wand              |       |       |       |    24 ||    24
       Lightning rod     |       |       |       |     4 ||     4
  Use: Scroll            |    11 |     6 |     7 |    10 ||    34
       Potion            |       |     5 |    10 |    12 ||    27
 Stab: Invisible         |       |       |     3 |     1 ||     4
       Sleeping          |       |       |       |     2 ||     2
  Eat: Ration            |     2 |       |     4 |     6 ||    12
Armor: Scale mail        |    84 |    69 |   112 |   238 ||   503
       Skin              |       |       |    25 |       ||    25
Dodge: Dodged            |    54 |    95 |   135 |   366 ||   650
Block: Shield            |    72 |   110 |   200 |   518 ||   900
